 Dungeon Crawl Stone Soup version 0.29.1-1-gd02db6906a (webtiles) character file.

Game seed: 16333097705170186872

11267 xian the Markself (level 11, -1/66 HPs)
             Began as a Deep Elf Hunter on Oct 6, 2022.
             Was an Elder of Fedhas.
             Slain by a centaur warrior
             ... wielding a +0 hand axe
              (2 damage)
             ... on level 10 of the Dungeon.
             The game lasted 00:32:21 (9527 turns).

xian the Markself (Deep Elf Hunter)                 Turns: 9527, Time: 00:32:22

Health: -1/66      AC: 13    Str: 12    XL:     11   Next: 47%
Magic:  0/4        EV: 17    Int: 15    God:    Fedhas [****..]
Gold:   473        SH:  0    Dex: 18    Spells: 10/10 levels left

rFire   + + +      SeeInvis .   l - +6 mace of Past Mistakes {antimagic, rF+}
rCold   x . .      Faith    .   (no shield)
rNeg    . . .      Spirit   +   d - +1 ring mail of Wedogour {rElec rF+}
rPois   .          Reflect  .   x - +2 hat
rElec   +          Harm     .   v - +2 cloak
rCorr   .          Rampage  .   y - +0 pair of gloves
Will    +....                   (no boots)
Stlth   +.........              g - amulet of guardian spirit
HPRegen 0.21/turn               s - +4 ring of evasion
MPRegen 0.09/turn               u - ring of fire

@: silenced, spiked
A: no striking features
a: Renounce Religion


You were on level 10 of the Dungeon.
You worshipped Fedhas.
Fedhas was greatly pleased with you.
You visited 1 branch of the dungeon, and saw 10 of its levels.

You collected 590 gold pieces.
You spent 117 gold pieces at shops.

Inventory:

Hand Weapons
 c - a +6 longbow of freezing
 j - the +8 whip of the Lusting Moth {flame, rPois}
   (You found it on level 5 of the Dungeon)

   It burns those it strikes, dealing additional fire damage.
   rPois:     It protects you from poison.
 l - the +6 mace of Past Mistakes (weapon) {antimagic, rF+}
   (You took it off a gnoll on level 3 of the Dungeon)

   It reduces the magical energy of the wielder, and disrupts the spells and
   magical abilities of those it strikes.
   Natural abilities and divine invocations are not affected.
   rF:        It protects you from fire.
Armour
 d - the +1 ring mail of Wedogour (worn) {rElec rF+}
   (You found it on level 3 of the Dungeon)

   rF:        It protects you from fire.
   rElec:     It insulates you from electricity.
 f - a +1 buckler of fire resistance
 k - the +1 robe of the Orb Guardian {Str+4}
   (You found it on level 2 of the Dungeon)

   Str:       It affects your strength (+4).
 v - a +2 cloak (worn)
 x - a +2 hat (worn)
 y - a +0 pair of gloves (worn)
Jewellery
 g - an amulet of guardian spirit (around neck)
 s - a +4 ring of evasion (left hand)
 u - a ring of fire (right hand)
Wands
 p - a wand of roots (22)
 q - a wand of acid (14)
 t - a wand of polymorph (12)
 A - a wand of paralysis (7)
Scrolls
 b - 3 scrolls of immolation
 i - a scroll of amnesia
 n - 3 scrolls of vulnerability
 r - 2 scrolls of poison
 w - a scroll of butterflies
 z - a scroll of magic mapping {unknown}
Potions
 e - 5 potions of curing
 h - 2 potions of attraction
 m - a potion of might
 o - a potion of flight


   Skills:
 + Level 6.9 Fighting
 + Level 1.1 Maces & Flails
 + Level 18.7 Ranged Weapons
 + Level 5.1 Armour
 + Level 5.4 Dodging
 + Level 2.6 Stealth
 + Level 0.1 Invocations


You had 10 spell levels left.
You didn't know any spells.
Your spell library contained the following spells:

 Spells                   Type           Power      Damage    Failure   Level
 Sublimation of Blood     Necr           0%         N/A       63%         2
 Gell's Gravitas          Tloc           0%         N/A       86%         3
 Lesser Beckoning         Tloc           0%         N/A       86%         3
 Stone Arrow              Conj/Erth      0%         3d7       86%         3
 Teleport Other           Tloc           0%         N/A       86%         3
 Animate Armour           Summ/Erth      0%         N/A       99%         4
 Petrify                  Tmut/Erth      0%         N/A       99%         4
 Irradiate                Conj/Tmut      0%         3d11      100%        5
 Lehudib's Crystal Spear  Conj/Erth      0%         10d2      100%        8


Dungeon Overview and Level Annotations

Branches:
Dungeon (10/15)            Temple (0/1) D:6
   Lair: D:8-11         Orc: D:9-12

Altars:
Elyvilon
Fedhas
Kikubaaqudgha
Nemelex Xobeh
Uskayaw
Lugonu

Shops:
D:3 !   D:6 ?(!   D:7 (   D:9 [

Annotations:
D:7 2 transporters
D:9 exclusion: orange crystal statue


Message History

The centaur warrior unwields a +0 hand axe.
The centaur warrior wields a +0 shortbow.
The centaur warrior shoots an arrow.
The arrow hits you!!
The manticore flicks its tail.
The volley of spikes hits you!
The barbed spikes become lodged in your body.
The barbs in your skin will harm you if you move.
Continue? [Y]es or [N]o only, please.
The barbs in your skin will harm you if you move.
Continue?
The barbed spikes dig painfully into your body as you move.
The centaur warrior shoots an arrow.
The arrow hits you!
The barbed spikes dig painfully into your body as you move.
The centaur warrior shoots an arrow.
The arrow hits you!
* * * LOW HITPOINT WARNING * * *
The barbed spikes dig painfully into your body as you move.
* * * LOW HITPOINT WARNING * * *
As you read the scroll labelled SOC GUQ LOHE, it crumbles to dust.
A profound silence engulfs you.
It was a scroll of silence.
You start resting.
The centaur warrior shoots an arrow.
The arrow misses you.
A boggart comes into view.
The barbed spikes dig painfully into your body as you move.
* * * LOW HITPOINT WARNING * * *
The centaur warrior unwields a +0 shortbow.
The centaur warrior wields a +0 hand axe.
The centaur warrior hits you with a +0 hand axe.
* * * LOW HITPOINT WARNING * * *
The centaur warrior misses you.
Your +6 longbow of freezing stops glowing.
You feel magic leave you.
l - the +6 mace of Past Mistakes (weapon)
{antimagic, rF+} The centaur warrior hits you with a +0 hand axe.
* * * LOW HITPOINT WARNING * * *
The centaur warrior kicks you but does no damage.
Unknown command.
You completely miss the centaur warrior.
The centaur warrior is lightly wounded.
The centaur warrior completely misses you.
The centaur warrior closely misses you. x2; The centaur warrior kicks you.
You die...
Fedhas appreciates your contribution to the ecosystem.

#.# #.# #.# #.# ...
#.# #Z# #.# ##H##
##### ####.# #...#
#...####....#
####g#####.##.##....##
#.##c##.##.##.####....
#....@........# #..##
#.##.##.##.##.# #....
#.##.#####.#######..##
###(...##.).# #....))
########.## ###.)##
####'#######....
.##.<............)
................###
#...............#


You could see a centaur warrior, a manticore, a boggart and a centaur warrior
simulacrum.

Vanquished Creatures
  Gastronok (D:9)
  A boulder beetle (D:10)
  Amaemon (D:9)
  Pikel (D:9)
  A gargoyle (D:10)
  An orange demon (D:9)
  Maggie (D:8)
  2 trolls (D:10)
  2 hornets (D:9)
  Prince Ribbit (D:8)
  2 wyverns
  13 yaks (D:10)
  Eustachio (D:5)
  Menkaure (D:5)
  5 steam dragons
  Edmund (D:6)
  A water moccasin (D:5)
  Duvessa (D:6)
  2 sky beasts
  2 ice beasts (D:6)
  3 black bears
  An orc warrior (D:8)
  3 ogres (D:5)
  A phantom (D:5)
  4 centaurs
  A lemure (D:9)
  2 kobold brigands
  2 bullfrogs (D:8)
  3 necrophages
  A gnoll sergeant (D:5)
  2 scorpions
  Dowan (D:6)
  3 wights (D:8)
  7 killer bees
  A howler monkey (D:7)
  2 jellies
  A hound (D:5)
  A gnoll bouda (D:3)
  5 orc priests
  4 orc wizards
  2 iguanas
  8 adders
  14 gnolls
  2 shadow imps
  2 white imps (D:5)
  2 worms
  2 dart slugs
  22 orcs
  2 ball pythons
  7 endoplasms
  6 giant cockroaches
  3 hobgoblins
  14 jackals
  13 kobolds
  10 quokkas
  9 bats
  3 frilled lizards (D:1)
  5 goblins
  7 rats
222 creatures vanquished.

Vanquished Creatures (others)
  An orc (D:7)
1 creature vanquished.

Grand Total: 223 creatures vanquished

Notes
Turn   | Place    | Note
-------+----------+-------------------------------------------
     0 | D:1      | xian the Deep Elf Hunter began the quest for the Orb.
     0 | D:1      | Reached XP level 1. HP: 12/12 MP: 3/3
   162 | D:1      | Found a faded altar of an unknown god.
   264 | D:1      | Reached skill level 6 in Ranged Weapons
   264 | D:1      | Reached XP level 2. HP: 13/16 MP: 4/4
   865 | D:2      | Reached XP level 3. HP: 16/20 MP: 3/5
  1187 | D:2      | Identified the +1 robe of the Orb Guardian {Str+4}
  1829 | D:3      | Identified the +1 ring mail of Wedogour {rElec rF+}
  1928 | D:3      | Reached XP level 4. HP: 26/26 MP: 6/6
  1938 | D:3      | Reached skill level 7 in Ranged Weapons
  1940 | D:3      | HP: 1/26 [gnoll/+0 flail[a gnoll bouda] (4)]
  1941 | D:3      | Identified a scroll of acquirement
  2252 | D:3      | Acquired a +4 longbow of freezing
  2375 | D:3      | Reached XP level 5. HP: 30/30 MP: 7/7
  2778 | D:3      | Identified the +6 mace of Past Mistakes {antimagic, rF+}
  2785 | D:3      | Reached skill level 1 in Armour
  2830 | D:3      | Found Kehaut's Distillery.
  2835 | D:3      | Bought a potion of might for 56 gold pieces
  2980 | D:4      | Reached skill level 8 in Ranged Weapons
  2980 | D:4      | Reached XP level 6. HP: 27/35 MP: 4/8
  3106 | D:4      | Found a white marble altar of Elyvilon.
  3115 | D:4      | Found an ancient bone altar of Kikubaaqudgha.
  3115 | D:4      | Found a blossoming altar of Fedhas.
  3118 | D:4      | Found a sparkling altar of Nemelex Xobeh.
  3144 | D:4      | Became a worshipper of Fedhas Madash
  3283 | D:4      | Reached skill level 9 in Ranged Weapons
  3696 | D:5      | Entered Level 5 of the Dungeon
  3704 | D:5      | Reached XP level 7. HP: 40/40 MP: 9/9
  3729 | D:5      | Noticed Menkaure
  3730 | D:5      | Reached * piety under Fedhas
  3739 | D:5      | Noticed Eustachio
  3740 | D:5      | Reached skill level 1 in Maces & Flails
  3897 | D:6      | Reached skill level 10 in Ranged Weapons
  3959 | D:6      | Noticed Duvessa
  3960 | D:6      | Noticed Dowan
  3964 | D:6      | Killed Duvessa
  3968 | D:6      | Killed Dowan
  3969 | D:6      | Reached XP level 8. HP: 45/46 MP: 10/10
  4049 | D:6      | Reached skill level 11 in Ranged Weapons
  4061 | D:6      | Noticed Edmund
  4076 | D:6      | Killed Edmund
  4223 | D:6      | Found Unujum's Antique Weapon Boutique.
  4261 | D:6      | Found Kyhan's Distillery.
  4269 | D:6      | Bought a potion of curing for 39 gold pieces
  4464 | D:6      | Found a staircase to the Ecumenical Temple.
  4508 | D:6      | Found Zihaw's Magic Scroll Emporium.
  4511 | D:6      | Bought a scroll of identify for 22 gold pieces
  4666 | D:5      | Reached skill level 12 in Ranged Weapons
  4764 | D:5      | Killed Eustachio
  4765 | D:5      | Reached XP level 9. HP: 44/52 MP: 9/11
  4826 | D:5      | Identified the +8 whip of the Lusting Moth {flame, rPois}
  4884 | D:5      | Killed Menkaure
  4884 | D:5      | Reached ** piety under Fedhas
  4885 | D:5      | Reached skill level 13 in Ranged Weapons
  5247 | D:7      | Noticed a white ugly thing
  5247 | D:7      | Noticed a white ugly thing
  5249 | D:7      | Found a corrupted altar of Lugonu.
  5446 | D:7      | Reached skill level 14 in Ranged Weapons
  5587 | D:7      | Found a transporter.
  5590 | D:7      | Found a transporter.
  5738 | D:7      | Found Xohiguju's Antique Weapon Emporium.
  6011 | D:8      | Noticed Maggie
  6017 | D:8      | Killed Maggie
  6018 | D:8      | Reached skill level 5 in Fighting
  6054 | D:8      | Noticed Prince Ribbit
  6423 | D:8      | Killed Prince Ribbit
  6424 | D:8      | Reached skill level 15 in Ranged Weapons
  6424 | D:8      | Reached XP level 10. HP: 59/59 MP: 12/12
  6572 | D:8      | Found a hide-covered altar of Uskayaw.
  6579 | D:8      | Reached *** piety under Fedhas
  7147 | D:9      | Noticed an orange demon
  7152 | D:9      | Killed an orange demon
  7154 | D:9      | Noticed Amaemon
  7166 | D:9      | Killed Amaemon
  7167 | D:9      | Reached skill level 16 in Ranged Weapons
  7249 | D:9      | Noticed Gastronok
  7267 | D:9      | Killed Gastronok
  7268 | D:9      | Reached skill level 5 in Dodging
  7317 | D:9      | Noticed Pikel
  7327 | D:9      | Killed Pikel
  7328 | D:9      | Reached skill level 17 in Ranged Weapons
  7519 | D:9      | Noticed an orange crystal statue
  7943 | D:9      | Found Naitsuopu's Antique Armour Shoppe.
  8307 | D:9      | Reached XP level 11. HP: 66/66 MP: 13/13
  8692 | D:10     | Entered Level 10 of the Dungeon
  8744 | D:10     | Reached **** piety under Fedhas
  8762 | D:10     | Reached skill level 5 in Armour
  8765 | D:10     | Noticed an ogre mage
  8810 | D:10     | Reached skill level 18 in Ranged Weapons
  9300 | D:10     | Noticed a boulder beetle
  9329 | D:10     | Killed a boulder beetle
  9518 | D:10     | Noticed a centaur warrior
  9525 | D:10     | HP: 3/66 [centaur warrior/+0 hand axe (3)]
  9526 | D:10     | HP: 1/66 [centaur warrior/+0 hand axe (2)]
  9527 | D:10     | Slain by a centaur warrior

Illustrated notes

Levels and vault maps discovered:
D:1:      minmay_arrival_four_circles, layout_basic,
          chequers_ecumenical_altar_simple, minmay_close_crescents
D:2:      layout_basic
D:3:      layout_loops_ring, serial_shops, nicolae_diamond_shop,
          chequers_arboretum
D:4:      layout_gridville, grunt_temple_overflow_open
D:5:      layout_rooms, uniq_eustachio, uniq_menkaure
D:6:      layout_basic, minmay_temple_entry_butterflies, serial_shops,
          nicolae_shop_overgrown_old_shop, nicolae_stop_n_shop_2,
          nicolae_shop_window_shopping, uniq_edmund, uniq_duvessa
D:7:      gammafunk_corrupted_shrine, layout_loops_ring, serial_shops,
          shop_fountains
D:8:      layout_basic, mainiacjoe_overflow_concentric_impassable, uniq_maggie,
          uniq_prince_ribbit1
D:9:      minmay_statue_hallways, layout_basic, serial_shops,
          nicolae_lakefront_shop, nrook_mini_backslash, kennysheep_another_room,
          uniq_pikel, uniq_amaemon, uniq_gastronok
D:10:     hangedman_cross_veins, layout_loops_ring, erik_orc_1,
          kennysheep_doodads, st_stairs_9

Skill      XL: |  1  2  3  4  5  6  7  8  9 10 11 |
---------------+----------------------------------+-----
Ranged Weapons | 6 7 8 9 10 12 15 17 18 | 18.7
Fighting       | 2 3 4 5 6 |  6.9
Dodging        | 3 4 5 |  5.4
Armour         | 1 2 3 4 5 |  5.1
Maces & Flails | 1 |  1.1
Stealth        | 2 |  2.6
Invocations    | |  0.1

Action                   |  1- 3 |  4- 6 |  7- 9 | 10-12 || total
-------------------------+-------+-------+-------+-------++-------
Melee: Mace              |    17 |    17 |       |     1 ||    35
 Fire: Shortbow          |   103 |     5 |       |       ||   108
       Longbow           |       |    98 |   236 |   277 ||   611
Invok: Wall of Briars    |       |       |     1 |       ||     1
  Use: Scroll            |       |     4 |     6 |     7 ||    17
       Potion            |       |     2 |     1 |       ||     3
Armor: Leather armour    |    12 |       |       |       ||    12
       Robe              |    18 |       |       |       ||    18
       Ring mail         |     1 |    17 |    26 |    61 ||   105
Dodge: Dodged            |    54 |    38 |   103 |   130 ||   325
